 Dungeon Crawl Stone Soup version 0.21.1-1-g345015fe64 (webtiles) character file.

247 BrokenGlass the Ruffian (level 6, 0/43 HPs)
             Began as an Octopode Fighter on Feb 18, 2018.
             Was an Initiate of Ru.
             Succumbed to a scorpion's poison
             ... on level 4 of the Dungeon.
             The game lasted 00:02:54 (2611 turns).

BrokenGlass the Ruffian (Octopode Fighter)          Turns: 2611, Time: 00:02:54

Health: 0/43       AC:  1    Str: 17    XL:     6   Next: 11%
Magic:  6/6        EV: 14    Int: 10    God:    Ru [......]
Gold:   146        SH:  0    Dex: 12    Spells: 2/5 levels left

rFire    . . .     SeeInvis .     - Unarmed
rCold    . . .     Gourm    .   (no shield)
rNeg     . . .     Faith    .   (helmet restricted)
rPois    .         Spirit   .   (no amulet)
rElec    .         Reflect  .   (no ring)
rCorr    .         Harm     .   (no ring)
MR       .....                  (no ring)
Stlth    ++........             (no ring)
HPRegen  0.14/turn              (no ring)
MPRegen  0.10/turn              (no ring)
                                (no ring)
                                (no ring)

@: lethally poisoned (0 -> -9)
A: almost no armour, stealthy swim, amphibious, 8 rings, constrict 8, camouflage
1, gelatinous body 1
a: Renounce Religion


You were on level 4 of the Dungeon.
You worshipped Ru.
Ru was noncommittal.
You were very hungry.

You visited 1 branch of the dungeon, and saw 4 of its levels.

You collected 146 gold pieces.

Inventory:

Missiles
 s - 19 bolts
Armour
 a - a +0 shield
Scrolls
 d - 2 scrolls of immolation {unknown}
 e - a scroll of fear
 g - 5 scrolls of identify {unknown}
 i - 3 scrolls of remove curse {unknown}
 j - 4 scrolls of teleportation {unknown}
 m - a scroll of magic mapping {unknown}
 o - a scroll of noise {unknown}
 q - a scroll of enchant weapon {unknown}
 u - a scroll of amnesia {unknown}
Potions
 b - 2 potions of might
 f - a potion of degeneration {unknown}
 h - a potion of berserk rage {unknown}
 l - a potion of flight {unknown}
 n - a potion of brilliance {unknown}
 p - a potion of ambrosia {unknown}
 r - 2 potions of heal wounds {unknown}
 t - 3 potions of curing {unknown}
Books
 k - a book of Maledictions

   Spells                             Type                      Level
   a - Corona                         Hexes                        1
   b - Ensorcelled Hibernation        Hexes/Ice                    2
   c - Confuse                        Hexes                        3
   d - Tukima's Dance                 Hexes                        3
   e - Dazzling Spray                 Conjuration/Hexes            3
Comestibles
 c - 11 rations


   Skills:
 * Level 4.1 Fighting
 - Level 3.0 Dodging
 - Level 3.0 Shields
 + Level 5.1 Unarmed Combat
 + Level 1.6 Hexes


You had 2 spell levels left.
You knew the following spells:

 Your Spells              Type           Power        Failure   Level  Hunger
a - Confuse               Hex            #.......     52%         3    ####...


Dungeon Overview and Level Annotations

Branches:
Dungeon (4/15)
 Temple: D:4-7

Altars:
Elyvilon
Kikubaaqudgha
Ru
Uskayaw
Yredelemnul


Innate Abilities, Weirdness & Mutations

You cannot wear most types of armour.
You are very stealthy in the water. (Stealth+)
You are amphibious.
You can wear up to eight rings at the same time.
You can use your tentacles to constrict eight enemies at once.
Your skin changes colour to match your surroundings (Stealth+).
Your rubbery body absorbs attacks. (AC +1, EV +1)


Message History

Your experience leads to an increase in your attributes!
Increase (S)trength, (I)ntelligence, or (D)exterity?
You feel stronger.
* * * LOW HITPOINT WARNING * * *
You feel sick. The hound bites you.
* * * LOW HITPOINT WARNING * * *
You tentacle-slap the hound. Your grab misses the hound.
The hound is moderately wounded.
* * * LOW HITPOINT WARNING * * *
You feel sick. The hound bites you.
* * * LOW HITPOINT WARNING * * *
You closely miss the hound. Your grab misses the hound.
The hound is moderately wounded.
* * * LOW HITPOINT WARNING * * *
You feel sick. The hound bites you but does no damage.
The hound closely misses you.
You barely miss the hound. You grab the hound. Your squeeze misses the hound.
The hound is moderately wounded.
You constrict the hound.
You die...

#. #.#
#.##.#
#....#
#....## ##
..%.. .#
#####.#.#
.#
......#.##
.#
#.)[.##.#
#...oh@)#
#....##.#
#.#.###...
#.#.#
#.###
#.#.# #.#
#.#.###.##
..#......#
#.#####..#
#.# #..#


You could see a hound and an orc.

Vanquished Creatures
  A scorpion (D:4)
  An orc priest (D:4)
  An iguana (D:4)
  Terence (D:2)
  4 gnolls
  An adder (D:4)
  4 dart slugs
  2 leopard geckos (D:2)
  2 orcs
  A giant cockroach (D:1)
  3 goblins
  13 hobgoblins
  6 jackals
  7 bats
  4 frilled lizards
  2 kobolds (D:1)
  5 rats
  A plant (D:2)
59 creatures vanquished.

Notes
Turn   | Place    | Note
-------+----------+-------------------------------------------
     0 | D:1      | BrokenGlass the Octopode Fighter began the quest for the Orb.
     0 | D:1      | Reached XP level 1. HP: 16/16 MP: 1/1
   331 | D:1      | Reached XP level 2. HP: 21/21 MP: 2/2
   397 | D:1      | Reached skill level 3 in Unarmed Combat
   560 | D:1      | Reached XP level 3. HP: 9/26 MP: 3/3
  1100 | D:2      | Noticed Terence
  1109 | D:2      | Killed Terence
  1109 | D:2      | Reached skill level 4 in Unarmed Combat
  1109 | D:2      | Reached XP level 4. HP: 19/31 MP: 4/4
  1150 | D:2      | Found a faded altar of an unknown god.
  1480 | D:2      | Found a sacrificial altar of Ru.
  1506 | D:2      | Became a worshipper of Ru the Awakened
  1945 | D:2      | Learned a level 3 spell: Confuse
  2045 | D:3      | Reached XP level 5. HP: 36/36 MP: 5/5
  2077 | D:3      | Found a basalt altar of Yredelemnul.
  2127 | D:3      | Found a hide-covered altar of Uskayaw.
  2319 | D:3      | Found an ancient bone altar of Kikubaaqudgha.
  2351 | D:3      | Found a white marble altar of Elyvilon.
  2589 | D:4      | Reached skill level 1 in Hexes
  2595 | D:4      | Reached skill level 5 in Unarmed Combat
  2608 | D:4      | Reached XP level 6. HP: 11/43 MP: 6/6
  2609 | D:4      | HP: 2/43 [hound (1)]
  2611 | D:4      | Succumbed to a scorpion's poison

Skill      XL: |  1  2  3  4  5 |
---------------+----------------+-----
Unarmed Combat | 3 4 5 |  5.1
Hexes          | 1 |  1.6
Fighting       | 4 |  4.1
Dodging        | |  3.0
Shields        | |  3.0

Action                   |  1- 3 |  4- 6 || total
-------------------------+-------+-------++-------
Melee: Unarmed           |    65 |    84 ||   149
       Constrict         |    23 |    22 ||    45
       Tentacles         |    12 |    16 ||    28
       Punch             |       |     2 ||     2
  Use: Scroll            |       |     1 ||     1
 Stab: Sleeping          |     6 |     2 ||     8
       Distracted        |       |     1 ||     1
  Eat: Chunk             |       |     4 ||     4
Armor: Skin              |     7 |     1 ||     8
Dodge: Dodged            |    50 |    49 ||    99
